 Dungeon Crawl Stone Soup version 0.28-a0-919-g0b5b508569 (webtiles) character file.

Game seed: 8554467357380792625

332 siradein the Charlatan (level 6, -1/50 HPs)
             Began as a Demonspawn Artificer on Nov 25, 2021.
             Was an Initiate of Hepliaklqana.
             Succumbed to Duvessa's poison
             ... on level 4 of the Dungeon.
             The game lasted 00:25:28 (5911 turns).

siradein the Charlatan (Demonspawn Artificer)       Turns: 5911, Time: 00:25:29

Health: -1/50      AC:  3    Str: 11 (14) XL:     6   Next: 26%
Magic:  6/6        EV: 10    Int: 14 (15) God:    Hepliaklqana [......]
Gold:   214        SH:  0    Dex:  9 (11) Spells: 5/5 levels left

rFire   . . .      SeeInvis .   m - +0 flail
rCold   . . .      Faith    .   (no shield)
rNeg    . . .      Spirit   .   p - +0 ring mail
rPois   .          Reflect  .   (no helmet)
rElec   +          Harm     .   (no cloak)
rCorr   .          Rampage  .   (no gloves)
Will    .....      Clarity  +   (no boots)
Stlth   +.........              (no amulet)
HPRegen 0.16/turn               a - +4 ring of slaying
MPRegen 0.10/turn               (no ring)

@: lethally poisoned (-1 -> -17), invisible
A: demonic guardian 1, powered by death 1, big brain 1, demonic touch 1,
clarity, clumsy 1, deformed body, robust 1, electricity resistance
a: Renounce Religion


You were on level 4 of the Dungeon.
You worshipped Hepliaklqana.
Hepliaklqana was noncommittal.
You visited 2 branches of the dungeon, and saw 5 of its levels.

You collected 214 gold pieces.

Inventory:

Hand Weapons
 m - a +0 flail (weapon)
Missiles
 o - 10 poisoned darts
Armour
 p - a +0 ring mail (worn)
Jewellery
 a - a +4 ring of slaying (left hand)
Wands
 c - a wand of flame (14)
 d - a wand of charming (15)
Scrolls
 b - a scroll of enchant armour {unknown}
 f - 2 scrolls of amnesia
 g - 2 scrolls of fog
 h - 3 scrolls of teleportation {unknown}
 k - a scroll of enchant weapon {unknown}
 l - a scroll of vulnerability {unknown}
 q - a scroll of identify
Potions
 j - a potion of lignification {unknown}
 n - a potion of heal wounds {unknown}
Miscellaneous
 e - a piece from Xom's chessboard (11/15) (quivered)


   Skills:
 + Level 2.9 Fighting
 + Level 1.8 Maces & Flails
 + Level 3.1 Armour
 + Level 2.7 Dodging
 - Level 0.8 Stealth
 + Level 0.5 Invocations
 + Level 4.1 Evocations


You had 5 spell levels left.
You didn't know any spells.
Your spell library was empty.

Dungeon Overview and Level Annotations

Branches:
Dungeon (4/15)             Temple (1/1) D:4

Altars:
Ashenzari
Fedhas
Hepliaklqana
Kikubaaqudgha
Makhleb
Nemelex Xobeh
Ru
Sif Muna
Wu Jian

Annotations:
D:4 Dowan, Duvessa


Innate Abilities, Weirdness & Mutations

A weak demonic guardian rushes to your aid.
You regenerate a little health from kills.
You have an unusually large brain. (Int +2)
Your touch may inflict minor irresistible damage on your foes.
You possess an exceptional clarity of mind.
You are clumsy. (Dex -2)
Armour fits poorly on your strangely shaped body.
You are robust. (+10% HP)
You are resistant to electric shocks. (rElec)


Message History

Non-targeted evoke: piece from Xom's chessboard (12/15)
Press: ? - help, Q - select action, (/) - cycle Dir - look around, f - activate You make a move on Xom's chessboard...
Duvessa seems to slow down.
You completely miss Duvessa. Duvessa barely misses you.
You sock Duvessa!
Duvessa is moderately wounded.
Duvessa hits you with a +2 short sword of venom!
You are poisoned.
You hit Duvessa.
Duvessa is moderately wounded.
You feel very sick.
Duvessa hits you with a +2 short sword of venom.
You are more poisoned.
You fade into invisibility!
You feel very sick.
Duvessa stops glowing.
You thump Duvessa! Your touch misses Duvessa.
Duvessa is heavily wounded.
You feel very sick.
Duvessa hits you with a +2 short sword of venom.
You are more poisoned.
You completely miss Duvessa.
Duvessa is heavily wounded.
You feel very sick.
You feel sick.
You barely miss Duvessa.
Duvessa is heavily wounded.
You feel very sick. Duvessa misses you.
You sock Duvessa!
Duvessa is severely wounded.
You feel sick. Duvessa completely misses you.
You sock Duvessa!
Duvessa is almost dead.
You feel sick.
Duvessa hits you with a +2 short sword of venom.
* * * LOW HITPOINT WARNING * * *
A demonic guardian appears!
You are more poisoned.
You die...

##..#####
#.#.##.##.##.##..###
....# #.#..............#
##.## #.##.........###.#
# ..<# #.###...#.####
#.# # #### #.# ##.##.#
#.# # ##############.#
#.##.# #.# #
.........>.....# #.##.#
#.###
###################.##.#
#....
#.5@.e....########.#
#.####.............#
##### # #.#############
....# #.# # ....# #.# #
###.... .e......# # ###
....e.### # ...... .....


You could see Duvessa (slow, ally target) and a friendly ufetubus (summoned).

Vanquished Creatures
  An orc priest (D:3)
  A bullfrog zombie (D:3)
  Jessica (D:2)
  A hound skeleton (D:4)
  3 gnolls (D:4)
  5 adders
  A howler monkey skeleton (D:4)
  An ufetubus (D:4)
  2 dart slugs
  11 orcs
  8 ball pythons
  7 bats
  9 endoplasms
  A giant cockroach (D:2)
  8 goblins
  7 hobgoblins
  11 jackals
  4 kobolds
  A quokka (D:2)
  4 frilled lizards
  2 rats
89 creatures vanquished.

Vanquished Creatures (collateral kills)
  An orc wizard (D:3)
  An adder (D:2)
  A quokka (D:3)
  A bat (D:2)
  A kobold (D:2)
5 creatures vanquished.

Grand Total: 94 creatures vanquished

Notes
Turn   | Place    | Note
-------+----------+-------------------------------------------
     0 | D:1      | siradein the Demonspawn Artificer began the quest for the
                  | Orb.
     0 | D:1      | Reached XP level 1. HP: 15/15 MP: 1/1
    23 | D:1      | Reached skill level 1 in Dodging
   327 | D:1      | Gained mutation: You regenerate a little health from kills.
                  | [demonic ancestry]
   327 | D:1      | Reached XP level 2. HP: 19/21 MP: 2/2
   446 | D:1      | HP: 1/21 [dart slug/slug dart (2)]
   861 | D:1      | Gained mutation: A weak demonic guardian rushes to your
                  | aid. [demonic ancestry]
   861 | D:1      | Reached XP level 3. HP: 14/26 MP: 3/3
  1727 | D:2      | Found a shimmering blue altar of Sif Muna.
  1731 | D:2      | Noticed Jessica
  1737 | D:2      | Killed Jessica
  1766 | D:2      | Gained mutation: You have an unusually large brain. (Int
                  | +2) [demonic ancestry]
  1766 | D:2      | Reached XP level 4. HP: 30/33 MP: 4/4
  2487 | D:2      | Reached skill level 1 in Maces & Flails
  2979 | D:2      | Gained mutation: Your body sometimes deteriorates upon
                  | taking damage. [potion of mutation]
  2989 | D:2      | Reached XP level 5. HP: 6/39 MP: 5/5
  4561 | D:3      | Reached skill level 4 in Evocations
  4614 | D:4      | Gained mutation: Your touch may inflict minor irresistible
                  | damage on your foes. [demonic ancestry]
  4614 | D:4      | Reached XP level 6. HP: 37/46 MP: 6/6
  4729 | D:4      | Lost mutation: Your body sometimes deteriorates upon taking
                  | damage. [potion of mutation]
  4729 | D:4      | Gained mutation: You sometimes lose the ability to read
                  | scrolls when taking damage. [potion of mutation]
  4729 | D:4      | Gained mutation: You are robust. (+10% HP) [potion of
                  | mutation]
  4730 | D:4      | Lost mutation: You sometimes lose the ability to read
                  | scrolls when taking damage. [potion of mutation]
  4730 | D:4      | Gained mutation: Armour fits poorly on your strangely
                  | shaped body. [potion of mutation]
  4730 | D:4      | Gained mutation: You possess an exceptional clarity of
                  | mind. [potion of mutation]
  4730 | D:4      | Gained mutation: You are clumsy. (Dex -2) [potion of
                  | mutation]
  4730 | D:4      | Gained mutation: You are resistant to electric shocks.
                  | (rElec) [potion of mutation]
  4963 | D:4      | Found a broken altar of Ashenzari.
  5016 | D:4      | Found a staircase to the Ecumenical Temple.
  5024 | Temple   | Entered the Ecumenical Temple
  5062 | Temple   | Became a worshipper of Hepliaklqana the Forgotten
  5892 | D:4      | Noticed Duvessa
  5893 | D:4      | Noticed Dowan
  5910 | D:4      | HP: 2/50 [Duvessa (6)]
  5911 | D:4      | Succumbed to Duvessa's poison

Illustrated notes

Levels and vault maps discovered:
D:1:      dpeg_arrival_boxes_within_box, layout_basic, minmay_domino_4
D:2:      kennysheep_six_static_rooms, layout_rooms, basic_altar, uniq_jessica
D:3:      layout_basic
D:4:      layout_loops_ring, cheibrodos_ashenzari_chains,
          minmay_temple_entry_glassed_door, serial_bayou_crossing, uniq_duvessa
Temple:   minmay_crystal_snake_temple

Skill      XL: |  1  2  3  4  5 |
---------------+----------------+-----
Dodging        | 1 2 |  2.7
Armour         | 2 3 |  3.1
Fighting       | 2 |  2.9
Maces & Flails | 1 |  1.8
Evocations     | 4 |  4.1
Stealth        | |  0.8
Invocations    | |  0.5

Action                   |  1- 3 |  4- 6 || total
-------------------------+-------+-------++-------
Melee: Club              |    20 |       ||    20
       Dagger            |   111 |       ||   111
       Whip              |    51 |       ||    51
       Mace              |     7 |    25 ||    32
       Flail             |       |   233 ||   233
       Touch             |       |     5 ||     5
Evoke: Wand              |     1 |       ||     1
       Piece from Xom's  |       |     5 ||     5
  Use: Potion            |       |     8 ||     8
       Scroll            |       |     4 ||     4
 Stab: Sleeping          |     1 |       ||     1
       Petrified         |       |    11 ||    11
       Paralysed         |       |     3 ||     3
Armor: Leather armour    |    46 |     1 ||    47
       Scale mail        |       |    82 ||    82
       Chain mail        |       |    84 ||    84
       Ring mail         |       |     3 ||     3
Dodge: Dodged            |   126 |   135 ||   261

Table legend: (Time is in decaauts)
 A = Elapsed time spent in this place.
 B = Non-inter-level travel time spent in this place.
 C = Inter-level travel time spent in this place.
 D = Time resting spent in this place.
 E = Time spent auto-exploring this place.
 F = Levels seen in this place.
 G = Mean time per level.
                   A        B        C        D        E       F      G
               +--------+--------+--------+--------+--------+-----+--------+
         Total |   6019 |   5854 |    165 |    615 |   3990 |   5 | 1203.8 |
       Dungeon |   5951 |   5815 |    136 |    615 |   3965 |   4 | 1487.8 |
        Temple |     67 |     38 |     29 |      0 |     25 |   1 |   67.0 |
               +--------+--------+--------+--------+--------+-----+--------+

Top non-repeatable levels by time:
     D:1: 1734 daAuts
     D:2: 1641 daAuts
     D:3: 1400 daAuts
     D:4: 1174 daAuts
  Temple: 67 daAuts
